 Dungeon Crawl Stone Soup version 0.23-a0-448-g1c01f63 (webtiles) character file.

84 Cryolive the Digger (level 4, -4/25 HPs)
             Began as a Gargoyle Earth Elementalist on Nov 19, 2018.
             Was an Initiate of Vehumet.
             Splashed by Ijyb's acid (12 damage)
             ... on level 3 of the Dungeon.
             The game lasted 00:04:43 (2414 turns).

Cryolive the Digger (Gargoyle Earth Elementalist)   Turns: 2414, Time: 00:04:45

Health: -4/25      AC:  1    Str: 12    XL:     4   Next: 46%
Magic:  0/7        EV: 12    Int: 16    God:    Vehumet [......]
Gold:   75         SH:  0    Dex: 10    Spells: 4/8 levels left

rFire    + . .     SeeInvis .   o - staff of fire (curse)
rCold    . . .     Gourm    .   (no shield)
rNeg     + . .     Faith    .   c - +0 robe
rPois    ∞         Spirit   .   k - +0 hat
rElec    +         Reflect  .   (no cloak)
rCorr    .         Harm     .   (no gloves)
MR       .....                  (no boots)
Stlth    ++........             (no amulet)
HPRegen  0.08/turn              (no ring)
MPRegen  0.10/turn              (no ring)

@: corroded
A: negative energy resistance 1, electricity resistance, unbreathing,
petrification resistance, rot immunity, AC +3
a: Renounce Religion


You were on level 3 of the Dungeon.
You worshipped Vehumet.
Vehumet was noncommittal.
You were hungry.

You visited 1 branch of the dungeon, and saw 3 of its levels.

You collected 75 gold pieces.

Inventory:

Hand Weapons
 e - a +0 club
 r - a +0 whip
Missiles
 b - 125 stones (quivered)
Armour
 c - a +0 robe (worn)
 k - a +0 hat (worn)
Magical Staves
 o - a cursed staff of fire (weapon)
Wands
 i - a wand of flame (25)
Scrolls
 a - a scroll of magic mapping {unknown}
 g - a scroll of fog {unknown}
 h - a scroll of teleportation {unknown}
 j - a scroll of enchant weapon {unknown}
 l - a scroll of identify {unknown}
 m - a scroll of immolation {unknown}
 n - 3 scrolls of remove curse {unknown}
 q - a scroll of random uselessness {unknown}
Potions
 f - 4 potions of curing {unknown}
 p - a potion of magic {unknown}
Comestibles
 d - 5 rations
 s - 2 chunks of flesh


   Skills:
 + Level 1.4 Fighting
 + Level 0.0 Staves
 + Level 1.5 Armour
 + Level 2.1 Dodging
 - Level 2.1 Stealth
 + Level 2.5 Spellcasting
 + Level 1.1 Conjurations
   Level 0.7 Transmutations
 + Level 4.1 Earth Magic
 + Level 0.2 Evocations


You had 4 spell levels left.
You knew the following spells:

 Your Spells              Type           Power        Failure   Level  Hunger
a - Sandblast             Erth           ###...       3%          1    #......
b - Stone Arrow           Conj/Erth      ##....       21%         3    ###....

Your spell library contained the following spells:

 Spells                   Type           Power        Failure   Level  Hunger
 Passwall                 Tmut/Erth      #.......     11%         2    ##.....
 Petrify                  Tmut/Erth      #.......     58%         4    #####..
 Lee's Rapid Deconstruct  Erth           ###.......   69%         5    ######.


Dungeon Overview and Level Annotations

Branches:
Dungeon (3/15)

Altars:
Ashenzari
Gozag
Hepliaklqana
Okawaru
Uskayaw
Vehumet

Annotations:
D:3 Ijyb


Innate Abilities, Weirdness & Mutations

You are resistant to torment.
Your stone body is resilient. (AC +3)
You are immune to poison.
You resist negative energy. (rN+)
You are resistant to electric shocks. (rElec)
You can survive without breathing.
You are immune to petrification.
You are immune to rotting.


Message History

Aim: Ijyb, wielding a +0 club, wearing a +0 leather armour and carrying a wand The stone arrow hits the worm.
The worm is heavily wounded.
You are feeling hungry.
Casting: Stone Arrow (safe; 21% risk of failure)
Confirm with . or Enter, or press ? or * to list all spells.
You don't have enough magic to cast that spell.
Casting: Stone Arrow (safe; 21% risk of failure)
Confirm with . or Enter, or press ? or * to list all spells.
Aiming: Sandblast (safe; 3% risk of failure)
Press: ? - help, Shift-Dir - straight line, f/p - Ijyb
Aim: Ijyb, wielding a +0 club, wearing a +0 leather armour and carrying a wand The blast of sand hits the worm.
You kill the worm!
Vehumet accepts your kill.
b - 125 stones Ijyb zaps a wand.
The bolt of acid hits you!
Ouch! That really hurt!
The acid corrodes you!
You are splashed with acid!
The acid burns!
You die...

### #g.
#.######
#.##...
#@##.#
#....#
####.###.#
#<....#
###.#.# .#
#


You could see Ijyb.

Vanquished Creatures
  3 gnolls
  2 worms
  A dart slug (D:2)
  A leopard gecko (D:1)
  3 giant cockroaches
  7 goblins
  7 hobgoblins
  8 kobolds
  4 bats
  5 frilled lizards
  6 rats
47 creatures vanquished.

Vanquished Creatures (others)
  5 toadstools (D:1)
5 creatures vanquished.

Grand Total: 52 creatures vanquished

Notes
Turn   | Place    | Note
-------+----------+-------------------------------------------
     0 | D:1      | Cryolive the Gargoyle Earth Elementalist began the quest
                  | for the Orb.
     0 | D:1      | Reached XP level 1. HP: 10/10 MP: 3/3
   336 | D:1      | Reached XP level 2. HP: 7/16 MP: 5/5
   838 | D:1      | Reached skill level 1 in Armour
   845 | D:1      | Reached skill level 1 in Fighting
   847 | D:1      | Reached XP level 3. HP: 16/20 MP: 6/6
   852 | D:1      | Learned a level 3 spell: Stone Arrow
  1182 | D:1      | Reached skill level 4 in Earth Magic
  1211 | D:2      | Reached XP level 4. HP: 15/25 MP: 0/7
  1563 | D:2      | Reached skill level 1 in Conjurations
  2013 | D:2      | Found a hide-covered altar of Uskayaw.
  2013 | D:2      | Found an iron altar of Okawaru.
  2093 | D:2      | Found an opulent altar of Gozag.
  2284 | D:2      | Found a faded altar of an unknown god.
  2284 | D:2      | Found a radiant altar of Vehumet.
  2290 | D:2      | Found a faded altar of an unknown god.
  2293 | D:2      | Became a worshipper of Vehumet
  2296 | D:2      | Found a shattered altar of Ashenzari.
  2298 | D:2      | Found a hazy altar of Hepliaklqana.
  2410 | D:3      | Noticed Ijyb
  2414 | D:3      | Splashed by Ijyb's acid

Vault maps used:
D:1:      ldierk_walled_garden
D:2:      chequers_temple_overflow_statue_of_worship,
          chequers_temple_overflow_minitemple, first_ration
D:3:      grunt_temple_overflow_order_and_chaos_2, grunt_ministairs_3,
          uniq_ijyb, uniq_terence, uniq_natasha

Skill      XL: |  1  2  3  4 |
---------------+-------------+-----
Armour         | 1 |  1.5
Fighting       | 1 |  1.4
Earth Magic    | 4 |  4.1
Dodging        | 2 |  2.1
Conjurations   | 1 |  1.1
Stealth        | |  2.1
Spellcasting   | |  2.5
Transmutations | |  0.7
Evocations     | |  0.2

Action                   |  1- 3 |  4- 6 || total
-------------------------+-------+-------++-------
Melee: Club              |    92 |    63 ||   155
       Unarmed           |    12 |       ||    12
       Staff             |       |    23 ||    23
       Whip              |       |     8 ||     8
 Cast: Sandblast         |    11 |     4 ||    15
       Stone Arrow       |       |     2 ||     2
 Stab: Sleeping          |     2 |     3 ||     5
  Eat: Chunk             |     1 |     4 ||     5
Armor: Robe              |    43 |    47 ||    90
Dodge: Dodged            |   100 |    74 ||   174

Table legend:
 A = Non-vault XP
 B = Vault XP
 C = Vault XP percentage of total XP
 D = Non-vault monster count
 E = Vault monster count
 F = Vault count percentage of total count
                 A         B        C        D         E       F
            +---------+---------+-------+---------+---------+-------
      Total |     121 |       0 |   0.0 |      47 |       0 |   0.0
            +---------+---------+-------+---------+---------+-------
        D:1 |      51 |       0 |   0.0 |      24 |       0 |   0.0
        D:2 |      65 |       0 |   0.0 |      22 |       0 |   0.0
        D:3 |       5 |       0 |   0.0 |       1 |       0 |   0.0
            +---------+---------+-------+---------+---------+-------
